 Dungeon Crawl Stone Soup version 0.19.1 (webtiles) character file.

23 Soeto the Digger (level 2, -1/15 HPs)
             Began as a Gargoyle Earth Elementalist on Dec 22, 2016.
             Slain by a gnoll
             ... wielding a +0 spear
              (5 damage)
             ... on level 2 of the Dungeon.
             The game lasted 00:04:42 (1638 turns).

Soeto the Digger (Gargoyle Earth Elementalist)      Turns: 1638, Time: 00:04:42

Health: -1/15      AC:  5    Str: 11    XL:     2   Next: 95%
Magic:  5/5        EV: 12    Int: 15    God:
Gold:   67         SH:  0    Dex: 10    Spells: 1 memorised, 5 levels left

rFire  . . .     SeeInvis .     g - +2 dagger (venom)
rCold  . . .     Gourm    .     c - +0 robe
rNeg   + . .     Faith    .     (no shield)
rPois  ∞         Spirit   .     k - +0 helmet
rElec  +         Reflect  .     (no cloak)
rCorr  .         Harm     .     (no gloves)
MR     .....                    (no boots)
Stlth  ++........               (no amulet)
                                (no ring)
                                n - ring of flight

@: no status effects
A: negative energy resistance 1, electricity resistance, unbreathing,
petrification resistance, rot immunity, AC +2
a: Evoke Flight


You were on level 2 of the Dungeon.
You were not hungry.

You visited 1 branch of the dungeon, and saw 2 of its levels.

You collected 67 gold pieces.

Inventory:

Hand Weapons
 f - a cursed +0 whip
 g - a +2 dagger of venom (weapon)
 i - a +0 club
Missiles
 b - 40 stones (quivered)
Armour
 c - a +0 robe (worn)
 k - a +0 helmet (worn)
Jewellery
 n - a ring of flight (left hand)
Potions
 a - a potion of heal wounds {unknown}
 h - a potion of invisibility {unknown}
 l - a potion of flight {unknown}
 p - 2 potions of curing {unknown}
Books
 e - a book of Geomancy

   Spells                             Type                      Level
   a - Sandblast                      Earth                        1
   b - Passwall                       Transmutation/Earth          2
   c - Stone Arrow                    Conjuration/Earth            3
   d - Petrify                        Transmutation/Earth          4
   e - Lee's Rapid Deconstruction     Earth                        5
Comestibles
 d - 2 bread rations
 j - a meat ration
 m - a chunk of flesh
 o - 2 beef jerkies


   Skills:
 - Level 1.5 Dodging
 - Level 2.1 Stealth
 * Level 2.8 Spellcasting
   Level 0.7 Transmutations
 + Level 4.1 Earth Magic


You had 5 spell levels left.
You knew the following spells:

 Your Spells              Type           Power        Failure   Level  Hunger
a - Sandblast             Erth           ##....       4%          1    #......


Dungeon Overview and Level Annotations

Branches:
Dungeon (2/15)

Altars:


Innate Abilities, Weirdness & Mutations

You are resistant to torment.
Your stone body is resilient. (AC +2)
You are immune to poison.
You resist negative energy. (rN+)
You are resistant to electric shocks. (rElec)
You can survive without breathing.
You are immune to petrification.
You are immune to rotting.


Message History

Done waiting.
n - a sapphire ring
n - a ring of flight (left hand)
o - a beef jerky Unknown command.
p - 2 smoky grey potions You found a teleport trap!
o - 2 beef jerkies (gained 1)
A gnoll comes into view. It is wielding a spear.
A gnoll comes into view. It is wielding a spear.
Found a spear and a scroll labeled ACRUSI EDAI.
The gnoll hits you but does no damage. The gnoll hits you with a spear.
You completely miss the gnoll. The gnoll hits you with a spear.
* * * LOW HITPOINT WARNING * * *
You are too injured to fight recklessly!
You are too injured to fight recklessly!
You closely miss the gnoll. The gnoll closely misses you.
You closely miss the gnoll. The gnoll hits you with a spear.
You die...

........# ........# # .#
?.......####. .##
)........... ..#
.........# ..# # .....#.#
..# #g..###...#### #..#
.............#####..#####
..####?.#......g@........
#.####...####.#.#### ...
##....##.#.# ....
#.........# ......
####......# ......
####...############
...... #...#..........#
#...#....>.....#
...###.###.^........#


You could see a gnoll.

Vanquished Creatures
  An ooze (D:1)
  2 dart slugs (D:1)
  A giant cockroach (D:2)
  2 hobgoblins (D:1)
  3 bats (D:1)
  A frilled lizard (D:1)
  3 goblins (D:1)
  A kobold (D:1)
  A rat (D:1)
15 creatures vanquished.

Notes
Turn   | Place    | Note
-------+----------+-------------------------------------------
     0 | D:1      | Soeto the Gargoyle Earth Elementalist began the quest for the Orb.
     0 | D:1      | Reached XP level 1. HP: 10/10 MP: 3/3
   284 | D:1      | Reached XP level 2. HP: 3/15 MP: 5/5
  1054 | D:1      | Reached skill level 4 in Earth Magic
  1638 | D:2      | Slain by a gnoll

Skill      XL: |  1  2 |
---------------+-------+-----
Earth Magic    | 4 |  4.1
Dodging        | |  1.5
Stealth        | |  2.1
Spellcasting   | |  2.8
Transmutations | |  0.7

Action                   || total
-------------------------++-------
Melee: Dagger            ||    40
 Cast: Sandblast         ||     3
  Use: Scroll            ||     3
 Stab: Sleeping          ||     1
  Eat: Chunk             ||     2
Armor: Robe              ||    15
Dodge: Dodged            ||    20
